 Dungeon Crawl Stone Soup version 0.21.0-3-g78d12a8 (webtiles) character file.

494 Faca the Ruffian (level 6, 0/62 HPs)
             Began as a Troll Monk on Jan 10, 2018.
             Was a Believer of Wu Jian.
             Slain by Blork the orc
             ... wielding a +0 halberd
              (4 damage)
             ... on level 4 of the Dungeon.
             The game lasted 00:07:35 (2829 turns).

Faca the Ruffian (Troll Monk)                       Turns: 2829, Time: 00:07:36

Health: 0/62       AC:  6    Str: 20    XL:     6   Next: 92%
Magic:  5/5        EV: 11    Int:  6    God:    Wu Jian [**....]
Gold:   288        SH:  0    Dex: 14    Spells: 5/5 levels left

rFire    . . .     SeeInvis .     - Unarmed
rCold    . . .     Gourm    +   (no shield)
rNeg     . . .     Faith    .   a - +0 robe
rPois    .         Spirit   .   (helmet restricted)
rElec    .         Reflect  .   f - +0 cloak
rCorr    .         Harm     .   (gloves unavailable)
MR       .....                  (boots unavailable)
Stlth    ++........             (no amulet)
HPRegen  0.60/turn              (no ring)
MPRegen  0.09/turn              (no ring)

@: no status effects
A: large, unfitting armour, claws 3, fast metabolism 3, gourmand, regeneration
1, shaggy fur 1, tough skin 2
a: Wall Jump, Renounce Religion


You were on level 4 of the Dungeon.
You worshipped Wu Jian.
Wu Jian was pleased with you.
You were completely stuffed.

You visited 1 branch of the dungeon, and saw 4 of its levels.

You collected 288 gold pieces.

Inventory:

Missiles
 g - 54 stones (quivered)
 j - 18 sling bullets
Armour
 a - a +0 robe (worn)
 f - a +0 cloak (worn)
 i - a scarf of spirit shield
Scrolls
 c - 2 scrolls of identify
Potions
 d - 2 potions of heal wounds
 e - a potion of flight
 n - a potion of curing
Comestibles
 b - 10 rations


   Skills:
 + Level 3.8 Fighting
 + Level 3.0 Throwing
 + Level 3.8 Dodging
 - Level 1.0 Stealth
 + Level 4.7 Unarmed Combat


You had 5 spell levels left.
You didn't know any spells.

Dungeon Overview and Level Annotations

Branches:
Dungeon (4/15)
 Temple: D:4-7

Altars:
Makhleb
Nemelex Xobeh
Wu Jian
The Shining One

Shops:
D:4 !?[

Annotations:
D:4 Blork the orc


Innate Abilities, Weirdness & Mutations

You are too large for most types of armour.
You have claws for hands.
Your metabolism is lightning-fast.
You like to eat raw meat.
Your natural rate of healing is unusually fast.
You are covered in fur. (AC +1)
You have very tough skin. (AC +2)


Message History

The lightning arcs!
Blork the orc is struck by lightning.
The lightning grounds out.
You are struck by lightning.
* * * LOW HITPOINT WARNING * * *
The lightning arcs!
Potronius's ghost is struck by lightning.
The lightning arcs!
Blork the orc is struck by lightning.
The lightning grounds out.
You closely miss Potronius's ghost.
Potronius's ghost is almost destroyed.
Blork the orc mumbles some strange words.
Blork the orc flickers and vanishes!
Deactivating autopickup; reactivate with Ctrl-A.
Something hits you.
* * * LOW HITPOINT WARNING * * *
You claw Potronius's ghost!
You destroy Potronius's ghost!
The Council accepts your kill.
Your Throwing skill increases to level 3!
Something hits you.
You die...

#....# # #....#
##.##....# +........'
### ## #.##....# ....#'#
#######.#####.# .......
#.....#.......#
.......###.....#######.#
..∩....@.'.....# #.....#
.....$.###.....###+#....
.....{( #...........#.#
......( #..............
....... #####......<...
....... #..........
..[.... #..........
##..((. ##..###+#.#
##.##....#


There were no monsters in sight!

Vanquished Creatures
  Sigmund (D:2)
  The ghost of Potronius the Gusty, an amateur TeAE of Vehumet (D:4)
  2 orc priests (D:3)
  A centaur skeleton (D:4)
  Crazy Yiuf (D:2)
  An orc wizard (D:3)
  A worker ant (D:4)
  2 adders
  4 dart slugs
  6 orcs (D:3)
  A ball python (D:3)
  2 giant cockroaches
  8 hobgoblins
  4 jackals (D:1)
  4 kobolds
  A quokka (D:4)
  6 bats
  5 frilled lizards
  7 goblins
  8 rats
66 creatures vanquished.

Notes
Turn   | Place    | Note
-------+----------+-------------------------------------------
     0 | D:1      | Faca the Troll Monk began the quest for the Orb.
     0 | D:1      | Reached XP level 1. HP: 22/22 MP: 0/0
   108 | D:1      | Reached XP level 2. HP: 22/29 MP: 1/1
   502 | D:1      | Reached skill level 1 in Throwing
   508 | D:1      | Reached XP level 3. HP: 30/36 MP: 2/2
  1016 | D:2      | Found a sparkling altar of Nemelex Xobeh.
  1265 | D:2      | Noticed Sigmund
  1357 | D:2      | Killed Sigmund
  1357 | D:2      | Reached skill level 4 in Unarmed Combat
  1357 | D:2      | Reached XP level 4. HP: 40/45 MP: 3/3
  1357 | D:2      | Reached XP level 5. HP: 47/53 MP: 4/4
  1506 | D:2      | Found a runed door.
  1510 | D:2      | Noticed Crazy Yiuf
  1522 | D:2      | Killed Crazy Yiuf
  1654 | D:2      | Found an ornate altar of the Wu Jian Council.
  1655 | D:2      | Found a burning altar of Makhleb.
  2094 | D:3      | Reached XP level 6. HP: 53/61 MP: 5/5
  2149 | D:2      | Found a glowing golden altar of the Shining One.
  2150 | D:2      | Became a worshipper of the Wu Jian Council
  2150 | D:2      | Reached * piety under Wu Jian
  2150 | D:2      | Reached ** piety under Wu Jian
  2643 | D:4      | Found Xiruka's Magic Scroll Boutique.
  2715 | D:4      | Found Folamp's Armour Boutique.
  2813 | D:4      | Found Tavuuwk's Distillery.
  2815 | D:4      | Noticed Potronius's ghost (amateur TeAE)
  2818 | D:4      | Noticed Blork the orc
  2829 | D:4      | Killed Potronius's ghost
  2829 | D:4      | Slain by Blork the orc

Skill      XL: |  1  2  3  4  5  6 |
---------------+-------------------+-----
Throwing       | 1 2 3 |  3.0
Fighting       | 3 |  3.8
Dodging        | 3 |  3.8
Unarmed Combat | 4 |  4.7
Stealth        | |  1.0

Action                   |  1- 3 |  4- 6 || total
-------------------------+-------+-------++-------
Melee: Unarmed           |    89 |    95 ||   184
       Punch             |     1 |     1 ||     2
Throw: Stone             |       |     5 ||     5
Invok: Lunge             |       |     5 ||     5
       Wall Jump         |       |     2 ||     2
  Use: Scroll            |       |     7 ||     7
 Stab: Sleeping          |     8 |     2 ||    10
  Eat: Chunk             |    17 |    14 ||    31
Armor: Robe              |    24 |    35 ||    59
Dodge: Dodged            |    48 |    37 ||    85
